 Dungeon Crawl Stone Soup version 0.29.1-1-gd02db6906a (webtiles) character file.

Game seed: 4518215762751595007

8 lanetrain the Trooper (level 2, 0/28 HPs)
             Began as a Gargoyle Berserker on Sept 25, 2022.
             Was a Follower of Trog.
             Slain by a jackal (1 damage)
             ... on level 1 of the Dungeon.
             The game lasted 00:01:07 (178 turns).

lanetrain the Trooper (Gargoyle Berserker)           Turns: 178, Time: 00:01:08

Health: 0/28       AC:  4    Str: 20    XL:     2   Next: 8%
Magic:  2/2        EV: 12    Int:  7    God:    Trog [*.....]
Gold:   0          SH:  0    Dex:  9    Spells: 1/1 levels left

rFire   . . .      SeeInvis .   a - +0 mace
rCold   . . .      Faith    .   (no shield)
rNeg    + . .      Spirit   .   b - +0 animal skin
rPois   ∞          Reflect  .   (no helmet)
rElec   +          Harm     .   (no cloak)
rCorr   .          Rampage  .   (no gloves)
Will    .....                   (no boots)
Stlth   ..........              (no amulet)
HPRegen 0.09/turn               (no ring)
MPRegen 0.08/turn               (no ring)

@: berserking (expiring), very quick
A: sickness immunity, AC +2, negative energy resistance 1, electricity
resistance, torment resistance 1, petrification resistance
a: Renounce Religion, Berserk


You were on level 1 of the Dungeon.
You worshipped Trog.
Trog was aware of your devotion.
You visited 1 branch of the dungeon, and saw 1 of its levels.

Inventory:

Hand Weapons
 a - a +0 mace (weapon)
Missiles
 d - 6 stones (quivered)
Armour
 b - a +0 animal skin (worn)
Scrolls
 c - a scroll of identify {unknown}


   Skills:
 + Level 3.6 Fighting
 + Level 3.2 Maces & Flails
 + Level 2.1 Armour
 + Level 1.7 Dodging


You had one spell level left.
You didn't know any spells.
Your spell library was empty.

Dungeon Overview and Level Annotations

Branches:
Dungeon (1/15)

Altars:


Innate Abilities, Weirdness & Mutations

You are immune to sickness and miasma.
Your stone body is resilient. (AC +2)
You are immune to poison.
You resist negative energy. (rN+)
You are resistant to electric shocks. (rElec)
You are resistant to unholy torment.
You are immune to petrification.


Message History

You thump the jackal!
You kill the jackal!
Trog accepts your kill.
The jackal bites you but does no damage. x2
You have reached level 2!
You barely miss the jackal.
The jackal is almost dead.
The jackal bites you but does no damage.
The jackal barely misses you. The jackal bites you.
* * * LOW HITPOINT WARNING * * *
The jackal barely misses you. x2
You closely miss the jackal.
The jackal is severely wounded.
The jackal closely misses you.
The jackal bites you but does no damage. x2
You closely miss the jackal.
The jackal is severely wounded.
The jackal closely misses you.
The jackal bites you but does no damage.
The jackal bites you.
* * * LOW HITPOINT WARNING * * *
The jackal misses you.
You sock the jackal!
You kill the jackal!
Trog accepts your kill. The jackal closely misses you.
The jackal barely misses you. The jackal completely misses you.
The jackal bites you but does no damage.
The jackal bites you.
* * * LOW HITPOINT WARNING * * *
You barely miss the jackal.
The jackal is severely wounded.
The jackal closely misses you. x3; The jackal completely misses you.
A kobold comes into view. It is wielding a +0 short sword.
You closely miss the jackal.
The jackal is severely wounded.
The kobold shouts!
The jackal barely misses you. The jackal closely misses you.
The jackal bites you.
You die...

#.##...~~≈#'#'#.#####
#.......~~≈≈#...#...#
#...⌠..~≈~'.⌠.'.<.#
#..⌠..~~≈'.⌠.'...#
#....~≈≈≈#...#...#
#...~≈≈#'###.#####
#...≈≈≈'...'......
#gh.≈≈≈'...##'###'
#@h.≈≈≈#'#'#≈≈≈≈≈≈
#.##hh.~≈≈≈≈≈≈≈≈≈≈≈≈≈
#......~≈≈≈≈≈≈≈≈≈≈≈≈≈
#.#....~~~~~≈~~~≈~~~≈
# #..................
####...............
####.......#####
#K......# # ....


You could see 4 jackals, a goblin and a kobold.

Vanquished Creatures
  2 hobgoblins (D:1)
  2 jackals (D:1)
  2 bats (D:1)
  A rat (D:1)
7 creatures vanquished.

Notes
Turn   | Place    | Note
-------+----------+-------------------------------------------
     0 | D:1      | lanetrain the Gargoyle Berserker began the quest for the
                  | Orb.
     0 | D:1      | Reached XP level 1. HP: 14/14 MP: 1/1
   173 | D:1      | Reached XP level 2. HP: 8/19 MP: 2/2
   176 | D:1      | HP: 1/28 [jackal (1)]
   178 | D:1      | Slain by a jackal

Illustrated notes

Levels and vault maps discovered:
D:1:      dpeg_arrival_castle, layout_rooms, serial_shops,
          nicolae_shop_window_shopping, ebering_ecumenical_altar_abandoned,
          roderic_serpentine_path

Action                   || total
-------------------------++-------
Melee: Mace              ||    27
Invok: Berserk           ||     1
Armor: Animal skin       ||    27
Dodge: Dodged            ||    62
